 Dungeon Crawl Stone Soup version 0.28.0-43-g3370ac3207 (webtiles) character file.

Game seed: 9315124664886720525

410 bnorton916 the Chiller (level 6, -2/41 HPs)
             Began as a Barachi Ice Elementalist on Mar 20, 2022.
             Slain by a yak (9 damage)
             ... on level 5 of the Dungeon.
             The game lasted 00:05:45 (3985 turns).

bnorton916 the Chiller (Barachi Ice Elementalist)   Turns: 3985, Time: 00:05:46

Health: -2/41      AC:  9    Str:  9    XL:     6   Next: 89%
Magic:  9/22       EV: 12    Int: 18    God:
Gold:   87         SH:  0    Dex: 12    Spells: 3/14 levels left

rFire   . . .      SeeInvis .   (no weapon)
rCold   . . .      Faith    .   (no shield)
rNeg    . . .      Spirit   .   a - +0 robe
rPois   .          Reflect  .   (no helmet)
rElec   .          Harm     .   (no cloak)
rCorr   .          Rampage  .   (no gloves)
Will    .....                   (no boots)
Stlth   ++........              (no amulet)
HPRegen 0.13/turn               b - ring of wizardry
MPRegen 0.18/turn               g - ring of magical power

@: ice-armoured, freezing walls, slow
A: amphibious, slowness 1, strong legs 1, +LOS
a: Hop


You were on level 5 of the Dungeon.
You visited 1 branch of the dungeon, and saw 5 of its levels.

You collected 87 gold pieces.

Inventory:

Missiles
 m - 35 stones (quivered)
Armour
 a - a +0 robe (worn)
 c - a +0 buckler
 n - a +2 tower shield
Jewellery
 b - a ring of wizardry (left hand)
 f - a +4 ring of evasion
 g - a ring of magical power (right hand)
 l - an amulet of guardian spirit
Scrolls
 d - a scroll of enchant weapon
 e - 2 scrolls of teleportation
 p - a scroll of noise {unknown}
 r - a scroll of fog {unknown}
Potions
 h - a potion of degeneration {unknown}
 i - a potion of brilliance {unknown}
 j - a potion of curing
 k - 2 potions of mutation {unknown}
 o - a potion of ambrosia {unknown}
 q - 2 potions of haste {unknown}


   Skills:
 - Level 2.1 Dodging
 - Level 1.7 Stealth
 + Level 4.8 Spellcasting
 + Level 3.2 Summonings
 + Level 7.1 Ice Magic


You had 3 spell levels left.
You knew the following spells:

 Your Spells              Type           Power      Damage    Failure   Level
a - Freeze                Ice            100%       1d11      1%          1
b - Frozen Ramparts       Ice            60%        1d8       1%          3
c - Ozocubu's Armour      Ice            30%        N/A       1%          3
d - Summon Small Mammal   Summ           60%        N/A       1%          1
e - Call Canine Familiar  Summ           15%        N/A       4%          3

Your spell library contained the following spells:

 Spells                   Type           Power      Damage    Failure   Level
 Summon Guardian Golem    Hex/Summ       10%        N/A       9%          3
 Hailstorm                Conj/Ice       17%        3d6       12%         4


Dungeon Overview and Level Annotations

Branches:
Dungeon (6/15)
 Temple: D:4-7

Altars:
Dithmenos


Innate Abilities, Weirdness & Mutations

You are amphibious.
You cover ground slowly.
You can hop short distances.
You have an extended range of vision and can be seen from far away.


Message History

The orc hits your bat but does no damage.
Unknown command.
Your bat hits the orc.
Your hound bites the yak.
The wall freezes the yak.
The yak misses you.
The wall freezes the yak.
The wall freezes the yak!
The yak gores you!
The wall freezes the orc!
You kill the orc!
Your hound barely misses the yak.
Unknown command.
Your bat barely misses the yak.
The wall freezes the yak.
The yak barely misses you.
Your hound bites the yak.
The wall freezes the yak.
The yak barely misses you.
The wall freezes the yak.
The yak closely misses you.
An iguana comes into view.
Your bat hits the yak but does no damage.
Unknown command.
The frozen ramparts melt away.
Your bat hits the yak but does no damage.
Your hound bites the yak.
The yak dies!
The yak gores you. The yak closely misses you.
Your Summonings skill increases to level 3!
Your Ice Magic skill increases to level 7!
Casting: Summon Small Mammal (safe; 1% risk of failure)
Confirm with . or Enter, or press ? or * to list all spells.
Casting: Frozen Ramparts (safe; 1% risk of failure)
Press: ? - help, Dir - look around, f - activate The walls around you are covered in ice.
Your bat hits the yak but does no damage.
The wall freezes the yak!
The yak gores you.
The wall freezes the orc!
You kill the orc!
The wall freezes the orc.
Your hound barely misses the yak.
The wall freezes the yak!
The yak gores you.
Unknown command.
Your hound bites the yak but does no damage.
The wall freezes the orc!
You kill the orc!
The wall freezes the yak.
The yak gores you!
* * * LOW HITPOINT WARNING * * *
The wall freezes the orc.
The wall freezes the yak.
The yak gores you!
You die...

#...............#....#
#............###....
##..#........## .... .
##...##........# ....
..####.....#......[.# ....
...........................
.....#.(..##.##....#.....#.
..##.....Yh........##......
........oY@.........#......
....l#..o###...............
.......5.##.....##.........
........Y.##..#####... ....
.<.....$.. #### #.. ..#
o........## .........#
..##..#### ## ###


You could see 2 yaks, an iguana, a shadow imp, 2 orcs and a friendly hound
(summoned).

Vanquished Creatures
  An ogre (D:5)
  An orc priest (D:3)
  5 gnolls
  A howler monkey skeleton (D:6)
  5 adders
  2 dart slugs (D:2)
  7 orcs
  5 ball pythons
  3 endoplasms
  A giant cockroach (D:2)
  3 goblins
  3 hobgoblins
  A quokka (D:1)
  3 bats
  5 frilled lizards
  2 kobolds
  3 rats
51 creatures vanquished.

Vanquished Creatures (collateral kills)
  A yak (D:5)
1 creature vanquished.

Grand Total: 52 creatures vanquished

Notes
Turn   | Place    | Note
-------+----------+-------------------------------------------
     0 | D:1      | bnorton916 the Barachi Ice Elementalist began the quest for
                  | the Orb.
     0 | D:1      | Reached XP level 1. HP: 13/13 MP: 3/3
   167 | D:1      | Reached skill level 5 in Ice Magic
   295 | D:1      | Reached XP level 2. HP: 14/19 MP: 0/5
   827 | D:1      | Found a faded altar of an unknown god.
  1021 | D:2      | Reached XP level 3. HP: 24/24 MP: 5/7
  1209 | D:1      | Learned a level 3 spell: Frozen Ramparts
  1213 | D:1      | Learned a level 3 spell: Ozocubu's Armour
  2028 | D:2      | Found a shadowy altar of Dithmenos.
  2213 | D:3      | Reached XP level 4. HP: 30/30 MP: 9/9
  2245 | D:3      | Reached skill level 6 in Ice Magic
  2656 | D:3      | You fall into a shaft and drop 3 floors!
  3362 | D:6      | Learned a level 1 spell: Summon Small Mammal
  3431 | D:6      | Reached XP level 5. HP: 24/35 MP: 9/10
  3661 | D:6      | Reached skill level 1 in Summonings
  3821 | D:5      | Entered Level 5 of the Dungeon
  3825 | D:5      | Noticed an ogre
  3838 | D:5      | Killed an ogre
  3839 | D:5      | Reached XP level 6. HP: 37/41 MP: 12/12
  3924 | D:5      | Learned a level 3 spell: Call Canine Familiar
  3957 | D:5      | Identified the +0 ring mail of Ebeis {Harm rN+}
  3972 | D:5      | Noticed a yak
  3972 | D:5      | Noticed a yak
  3972 | D:5      | Noticed a yak
  3983 | D:5      | Killed a yak
  3984 | D:5      | Reached skill level 7 in Ice Magic
  3985 | D:5      | Slain by a yak

Illustrated notes

Levels and vault maps discovered:
D:1:      dpeg_arrival_long_road, layout_rooms,
          chequers_ecumenical_altar_simple_redux, chequers_big_river,
          kennysheep_crisscross, hangedman_decor_diamond_cutter
D:2:      layout_rooms, basic_altar, kennysheep_doodads, st_stairs_10,
          kennysheep_generic_room_4
D:3:      layout_loops_ring
D:5:      layout_cave_pools, nicolae_ru_sacrificial_ziggurat,
          mainiacjoe_overflow_brackets, minmay_temple_entry_trees
D:6:      layout_layer_cave, grunt_qazlal_clouds, uniq_duvessa, uniq_edmund

Skill      XL: |  1  2  3  4  5  6 |
---------------+-------------------+-----
Ice Magic      | 5 6 7 |  7.1
Spellcasting   | 3 4 |  4.8
Summonings     | 2 3 |  3.2
Dodging        | |  2.1
Stealth        | |  1.7

Action                   |  1- 3 |  4- 6 || total
-------------------------+-------+-------++-------
Melee: Unarmed           |    10 |    25 ||    35
Throw: Stone             |       |     2 ||     2
 Cast: Freeze            |    31 |    11 ||    42
       Frozen Ramparts   |     2 |    13 ||    15
       Ozocubu's Armour  |       |     5 ||     5
       Summon Small Mamm |       |     1 ||     1
       Call Canine Famil |       |     1 ||     1
  Use: Scroll            |       |     3 ||     3
       Potion            |       |     1 ||     1
Armor: Robe              |    11 |    12 ||    23
Dodge: Dodged            |    26 |    41 ||    67
